Zazza, neutral female human Wizard ----- |(..+# |...|# ---------------- |..>-#########.......|.......| ---.-#f@ |..>............## ### k --.-|-------.--- # ------###################### # *#* ##### # ###|...<|# ----|-.- ### # ### # #.....|# |......| # ### ### # ###|....|# ##+......| ### # ############ |....|# # |...^..| # ### -----|----.----# #.....|###############-......| # # |.............|###------# |......| # ###|.............|########## -------- # #..............|# ---|----- |..............# |.......| |.............|# |.......| ---------------# |.......|############################ --------- Zazza the Evoker Experience level: 1 Strength: 10 Dexterity: 14 Constitution: 15 Intelligence: 18 Wisdom: 9 Charisma: 10 Health: 0(12) Energy: 7(7) Def: 1 Gold: 51 Moves: 2254 Dungeon seed: dGcFfhCA6rrPkWTF Game ID: Zazza_1577129618 Your Inventory: Coins $ - 51 gold pieces Weapons a - a blessed +1 quarterstaff J - a +0 elven dagger (weapon in hand) L - a +0 dart Armor e - an uncursed +0 cloak of magic resistance (being worn) Comestibles B - 2 uncursed food rations H - an uncursed cram ration Potions K - an uncursed potion of paralysis Rings c - an uncursed ring of free action (on left hand) d - an uncursed ring of poison resistance (on right hand) z - a cursed -1 ring of gain constitution Wands x - a wand of enlightenment (0:11) Tools m - a magic marker (0:89) Gems n - an uncursed worthless piece of yellowish brown glass Spells and supernatural/magical abilities: Name Level Category Fail Memory a - force bolt 1 attack 0% 89% s - slow monster 2 enchantment 0% 89% W - pray for help -- divine ? -- Your skills at the end: Fighting Skills Weapon Skills quarterstaff [Basic] Spellcasting Skills attack spells [Basic] enchantment spells [Basic] Final Attributes: You were stridently aligned. You were poison resistant. You were magic-protected. You had free action. You are dead. Vanquished creatures: a shrieker an acid blob a hobbit a giant rat 2 geckos 3 jackals a fox 2 kobolds 3 goblins 3 sewer rats 4 grid bugs 2 lichens 4 newts 28 creatures vanquished. Voluntary challenges: You used a wielded weapon 5 times, starting on turn 199. You were illiterate. You never genocided any monsters. You never polymorphed an object. You never changed form. You used no wishes. You never split a pudding. You never wrote Elbereth's name. You never violated your personal moral code. Dungeon overview: The Dungeons of Doom: levels 1 to 4 Level 1 a fountain a long staircase Level 2 a fountain Level 3 a general store Level 4 <- You were here a long staircase History has recorded: On T:1 you entered the Dungeons of Doom to retrieve the Amulet of Yendor! On T:514 you reached level 2 of The Dungeons of Doom. On T:833 you reached level 3 of The Dungeons of Doom. On T:1635 you reached level 4 of The Dungeons of Doom. Score breakdown: Gold: 51 ( 5837 points) Experience: 1 level ( 0 points) Exploration: 4 levels ( 8.16%) ( 7500 points) Discoveries: 3 items ( 1.04%) ( 3056 points) Valuables value: (no points given unless you survive) Artifact value: 0 ( 0 points) Variety of kills: 13 monsters ( 3.41%) ( 5541 points) Turncount: 2254 turns ( -177 points) Survival: died (score multiplied by 80%) Total score: 17405 Latest messages: You stop travelling. It is missed. (2x) You see here a dart. L - a dart. You see here 29 rocks. You see here 55 rocks. The large kobold hits! You hit the large kobold. The large kobold hits! You see here 29 rocks. You displace Armand. You stop. Armand is in the way! You miss the large kobold. Armand misses the large kobold. You hit the large kobold. Armand bites the large kobold. The large kobold misses Armand. The large kobold hits! You miss the large kobold. Armand misses the large kobold. (2x) You miss the large kobold. Armand bites the large kobold. The large kobold hits Armand. The large kobold hits! You die... Final status: Goodbye Zazza the Wizard, killed by a large kobold... You died in The Dungeons of Doom on dungeon level 4 with 17405 points, and 51 pieces of gold, after 2254 moves. You were level 1 with a maximum of 12 hit points when you died.